 Dungeon Crawl Stone Soup version 0.17-a0-1481-gfdcec5c (webtiles) character file.

2335 Fluffy the Cleaver (level 9, 0/82 HPs)
             Began as a Hill Orc Gladiator on July 4, 2015.
             Killed by divine providence
             ... invoked by an orc priest
              (14 damage)
             ... on level 6 of the Dungeon.
             The game lasted 00:16:48 (5730 turns).

Fluffy the Cleaver (Hill Orc Gladiator)             Turns: 5730, Time: 00:16:49

Health: 0/82       AC: 20    Str: 21    XL:     9   Next: 42%
Magic:  9/9        EV:  9    Int: 14    God:
Gold:   281        SH:  0    Dex: 11    Spells: 0 memorised, 8 levels left

rFire  . . .     SeeInvis .     a - +1 war axe
rCold  . . .     Clarity  +     p - +3 chain mail of Satisfaction {rN+ Int+6}
rNeg   + . .     SustAt   .     (no shield)
rPois  .         Gourm    .     c - +0 helmet
rElec  .         Spirit   .     E - +1 cloak
rCorr  .         Warding  .     G - +0 pair of gloves
rMut   .         Stasis   .     B - +0 pair of boots
MR     .....                    i - amulet of clarity
Stlth  ..........               (no ring)
                                (no ring)

@: not resistant to hostile enchantments, extremely unstealthy
A: no striking features
a: Convert to Beogh


You were on level 6 of the Dungeon.
You were not hungry.

You visited 1 branch of the dungeon, and saw 6 of its levels.
You also visited: Sewer.

You collected 281 gold pieces.

Inventory:

Hand weapons
 a - a +1 war axe (weapon)
 y - a +1 flail of draining
Missiles
 d - 3 throwing nets
 k - 7 steel javelins (quivered)
Armour
 c - a +0 helmet (worn)
 p - the +3 chain mail of Satisfaction (worn) {rN+ Int+6}
   (You found it on level 5 of the Dungeon)

   It affects your intelligence (+6).
   It protects you from negative energy.
 B - a +0 pair of boots (worn)
 E - a +1 cloak (worn)
 G - a +0 pair of gloves (worn)
Jewellery
 i - an amulet of clarity (around neck)
Magical devices
 g - a wand of polymorph (13)
 m - a wand of enslavement (1)
 n - a wand of magic darts (34)
Scrolls
 b - a scroll of fear
 f - 4 scrolls of remove curse
 q - a scroll of magic mapping
 C - a scroll of enchant armour
 J - a scroll of blinking
Potions
 j - a potion of curing
 l - a potion of mutation
 r - a potion of brilliance
 s - 2 potions of might
 u - 2 potions of haste
 v - a potion of degeneration
 w - 2 potions of ambrosia
 z - 3 potions of lignification
 A - a potion of flight
 F - a potion of resistance
 I - a potion of cancellation
Comestibles
 e - 4 bread rations
 h - 3 meat rations
 D - 2 beef jerkies


   Skills:
 + Level 8.8 Fighting
 + Level 10.1 Axes
 - Level 2.0 Throwing
 + Level 7.7 Armour
 - Level 2.4 Dodging


You had 8 spell levels left.
You didn't know any spells.

Dungeon Overview and Level Annotations

Branches:
Dungeon (6/15)
 Temple: D:4-7

Altars:
Dithmenos
Fedhas
Nemelex Xobeh
Ru
Sif Muna
Yredelemnul


Message History

Drink which item? (? for menu, Esc to quit)
You feel better. The orc barely misses you.
You closely miss the orc. The orc misses you.
You hit the orc.
The orc is severely wounded.
The orc barely misses you.
You hit the orc.
You kill the orc!
You barely miss the orc priest.
The orc priest shouts, "Join the one true god or die!"
The orc priest becomes somewhat translucent.
You closely miss the orc priest.
The orc priest shouts, "Surrender to Beogh and we'll let you live!"
The orc priest hits you with a mace.
* * * LOW HITPOINT WARNING * * *
You hit the orc priest.
The orc priest is lightly wounded.
The orc priest calls down the wrath of Beogh upon you.
Something smites you!
You die...

#....o.# ### ....o.# #+#
#.# .##. ..... #.# #.#
#.##. .o. #.# #.# #.##.
#'# #.# #.# #.##.
#.######.######.# #.##.
#(.oo.[((..)....# #.###
#.######o######.#####....
#.# #@# #.......... #.#
#.# #.#####.### #.# #.#
#.# #.# #.# #.# #.# #.#
#.######.# #.#####.###
#........# #..........
########## ###########


You could see an orc priest.

Vanquished Creatures
  Grinder (D:3)
  The ghost of amnekian the Slasher, an average HuFi (D:3)
  Sigmund (D:5)
  Eustachio (D:5)
  Menkaure (D:5)
  An orc warrior (D:6)
  3 ogres (D:5)
  2 ice beasts (D:5)
  A phantom (D:4)
  A sky beast (D:5)
  A giant frog (Sewer)
  A giant frog skeleton (D:5)
  A gnoll shaman (D:5)
  2 orc priests
  Ijyb (D:4)
  2 hounds (D:5)
  Jessica (D:3)
  Terence (D:3)
  2 orc wizards
  3 iguanas
  2 worker ants (D:5)
  10 adders
  4 gnolls (D:5)
  A shadow imp (D:4)
  2 oozes
  2 worms (D:3)
  10 giant geckos
  13 orcs
  4 ball pythons
  13 bats
  A bat zombie (D:5)
  12 giant cockroaches
  25 goblins
  12 hobgoblins
  18 jackals
  4 quokkas
  A giant gecko skeleton (D:4)
  A giant gecko zombie (D:4)
  12 giant newts
  6 kobolds
  13 rats
194 creatures vanquished.

Notes
Turn   | Place    | Note
--------------------------------------------------------------
     0 | D:1      | Fluffy the Hill Orc Gladiator began the quest for the Orb.
     0 | D:1      | Reached XP level 1. HP: 18/18 MP: 1/1
   369 | D:1      | Reached XP level 2. HP: 25/25 MP: 2/2
   566 | D:1      | Reached skill level 1 in Armour
   622 | D:1      | Reached XP level 3. HP: 22/31 MP: 3/3
  1278 | D:2      | Found a basalt altar of Yredelemnul.
  1284 | D:2      | Reached XP level 4. HP: 36/38 MP: 4/4
  1445 | D:2      | Found a sacrificial altar of Ru.
  1461 | D:2      | Reached skill level 5 in Axes
  1727 | D:3      | Reached XP level 5. HP: 34/46 MP: 5/5
  1833 | D:3      | Noticed Jessica
  1837 | D:3      | Killed Jessica
  2164 | D:3      | Noticed Terence
  2165 | D:3      | Noticed Grinder
  2190 | D:3      | Killed Terence
  2209 | D:3      | HP: 2/47 [Grinder (5)]
  2218 | D:3      | Killed Grinder
  2218 | D:3      | Reached skill level 5 in Fighting
  2218 | D:3      | Reached skill level 6 in Axes
  2218 | D:3      | Reached XP level 6. HP: 16/56 MP: 6/6
  2525 | D:3      | Reached XP level 7. HP: 44/61 MP: 7/7
  2861 | D:3      | Noticed amnekian's ghost (average HuFi)
  3139 | D:3      | Killed amnekian's ghost
  3139 | D:3      | Reached skill level 7 in Axes
  3260 | D:4      | Reached skill level 5 in Armour
  3494 | D:4      | Found a blossoming altar of Fedhas.
  3743 | D:4      | Found a deep blue altar of Sif Muna.
  3816 | D:4      | Found a sparkling altar of Nemelex Xobeh.
  3955 | D:4      | Noticed Ijyb
  3961 | D:4      | Reached XP level 8. HP: 68/71 MP: 8/8
  3964 | D:4      | Killed Ijyb
  4098 | D:4      | Found a shadowy altar of Dithmenos.
  4250 | D:5      | Entered Level 5 of the Dungeon
  4308 | D:5      | Noticed Menkaure
  4320 | D:5      | Killed Menkaure
  4325 | D:5      | Reached skill level 8 in Axes
  4424 | D:5      | Found a glowing drain.
  4610 | Sewer    | Entered a sewer
  5193 | D:5      | Noticed Sigmund
  5205 | D:5      | Killed Sigmund
  5205 | D:5      | Reached skill level 9 in Axes
  5224 | D:5      | Got an ichor-stained chain mail
  5232 | D:5      | Reached XP level 9. HP: 81/81 MP: 9/9
  5284 | D:5      | Identified the +3 chain mail of Satisfaction {rN+ Int+6} (You found it on level 5 of the Dungeon)
  5294 | D:5      | Noticed Eustachio
  5311 | D:5      | Killed Eustachio
  5709 | D:6      | Reached skill level 10 in Axes
  5730 | D:6      | Killed from afar by an orc priest

Vault maps used:
D:1:      saegor_arrival_simple_f
D:2:      nicolae_overflow_crystal_walls, nicolae_ru_great_annihilating_truth
D:3:      minmay_misc_feat_tower, uniq_terence, uniq_jessica, uniq_grinder
D:4:      kennysheep_goblin_castle, led_sif_pool, grunt_dithmenos_shadows,
          lemuel_doored_altar, first_bread, fedhas_altar_2
D:5:      gup_sewer_entry_glass, dk_noncrumbling_3, uniq_eustachio,
          uniq_sigmund, uniq_menkaure
D:6:      lemuel_coloured_pillars_altar
Sewer:    sewer_frog_island_01

Action                   |  1- 3 |  4- 6 |  7- 9 || total
-------------------------+-------+-------+-------++-------
Melee: War axe           |   130 |   176 |   362 ||   668
Throw: Javelin           |       |       |     4 ||     4
Evoke: Wand              |       |     5 |       ||     5
  Use: Potion            |       |     2 |     2 ||     4
       Scroll            |       |       |    21 ||    21
 Stab: Paralysed         |       |     1 |       ||     1
  Eat: Chunk             |     1 |     4 |    12 ||    17
